AoeStats
← Weed420cheese

Arabian Desert

509173337Analyzed
1v1 RM · 8d ago on Sep 25, 2026· 78m 29s· 2 players
Game mode
Random Map
Map size
Tiny (2 player)
Population
200
Speed
Normal
Resources
Standard
Victory
Conquest
Starting age
Dark Age
Ending age
Imperial Age
RankedLock teamsTeams togetherTeam positionsShared explorationLock speedFull tech treeHidden civsTurbo modeCheats
Victory
Defeat
🇦🇷 Byzantines · Argentina
916
+15
🇧🇪 Japanese · Belgium
896
-15
Weed420cheese
12:01 Feudal Age
10:18 Loom
13:53 Double-Bit Axe
17:45 Wheelbarrow
22:52 Castle Age
20:58 Padded Archer Armor
21:28 Forging
21:53 Fletching
23:44 Bow Saw
25:21 Stone Mining
28:46 Gold Mining
31:08 Scale Mail Armor
32:05 Iron Casting
31:42 Horse Collar
32:08 Pikeman
37:52 Chain Mail Armor
37:34 Bodkin Arrow
37:30 Arson
37:47 Squires
48:18 Imperial Age
46:15 Elite Skirmisher
47:49 Ballistics
48:31 Murder Holes
55:09 Blast Furnace
SiriuS
6:30 Loom
9:12 Feudal Age
9:40 Double-Bit Axe
14:29 Wheelbarrow
18:34 Fletching
21:14 Castle Age
22:16 Bodkin Arrow
22:58 Husbandry
23:45 Thumb Ring
24:38 Crossbowman
29:42 Forging
29:34 Padded Archer Armor
31:38 Scale Barding Armor
43:43 Imperial Age
43:35 Leather Archer Armor
43:56 Ballistics
50:57 Heavy Cavalry Archer
58:40 Bracer
59:11 Ring Archer Armor
59:02 Chain Barding Armor
64:32 Plate Barding Armor
64:33 Iron Casting
67:58 Scale Mail Armor
69:45 Spies/Treason
Connection lost

Rejoining the realm…

Still unreachable

The connection could not be restored.

Session expired

The server has moved on; the page needs a fresh start.